 Dungeon Crawl Stone Soup version 0.28.0-45-g0d030f2227 (webtiles) character file.

Game seed: 7459486923851689630

851 Kangaroobicon the Cleaver (level 8, -1/69 HPs)
             Began as a Hill Orc Fighter on Apr 14, 2022.
             Was a Believer of Okawaru.
             Slain by Erica
             ... wielding a +1 scimitar of flaming
              (3 damage)
             ... on level 8 of the Dungeon.
             The game lasted 00:36:27 (4164 turns).

Kangaroobicon the Cleaver (Hill Orc Fighter)        Turns: 4164, Time: 00:36:28

Health: -1/69      AC: 14    Str: 19    XL:     8   Next: 1%
Magic:  7/8        EV:  5    Int:  8    God:    Okawaru [**....]
Gold:   207        SH:  5    Dex: 12    Spells: 7/7 levels left

rFire   . . .      SeeInvis .   a - +1 war axe
rCold   . . .      Faith    +   c - +0 buckler
rNeg    . . .      Spirit   .   l - +1 plate armour
rPois   .          Reflect  .   s - +0 helmet
rElec   .          Harm     .   (no cloak)
rCorr   .          Rampage  .   (no gloves)
Will    .....                   (no boots)
Stlth   ..........              p - amulet of faith
HPRegen 0.21/turn               (no ring)
MPRegen 0.11/turn               (no ring)

@: no status effects
A: no striking features
a: Renounce Religion, Heroism


You were on level 8 of the Dungeon.
You worshipped Okawaru.
Okawaru was pleased with you.
You visited 1 branch of the dungeon, and saw 6 of its levels.

You collected 207 gold pieces.

Inventory:

Hand Weapons
 a - a +1 war axe (weapon)
 j - a +0 dagger of speed
 t - a +2 dagger of venom
 A - a +0 shortbow
Missiles
 b - 15 bolts
 h - 3 javelins
 r - 186 stones (quivered)
 y - 2 poisoned darts
Armour
 c - a +0 buckler (worn)
 l - a +1 plate armour (worn)
 s - a +0 helmet (worn)
 u - the -4 buckler of Ziphewinna {rC- rN++ Will+ Slay+2}
   (You found it on level 3 of the Dungeon)

   Slay:      It affects your accuracy & damage with ranged weapons and melee
   (+2).
   rC:        It makes you vulnerable to cold.
   rN:        It greatly protects you from negative energy.
   Will:      It increases your willpower.
Jewellery
 p - an amulet of faith (around neck)
 q - an amulet of magic regeneration
Wands
 z - a wand of paralysis (13)
Scrolls
 e - a scroll of enchant armour
 g - 3 scrolls of teleportation
 i - a scroll of enchant weapon
 n - a scroll of magic mapping {unknown}
 o - a scroll of fog {unknown}
 v - a scroll of identify {unknown}
 x - a scroll of fear {unknown}
 B - a scroll of silence {unknown}
Potions
 d - a potion of degeneration {unknown}
 f - a potion of haste {unknown}
 k - a potion of attraction {unknown}
 m - a potion of magic {unknown}


   Skills:
 + Level 5.4 Fighting
 + Level 9.3 Axes
 + Level 5.1 Armour
 + Level 0.1 Dodging
 + Level 0.1 Stealth
 + Level 4.0 Shields


You had 7 spell levels left.
You didn't know any spells.
Your spell library contained the following spells:

 Spells                   Type           Power      Damage    Failure   Level
 Ozocubu's Armour         Ice            0%         N/A       100%        3
 Stone Arrow              Conj/Erth      0%         3d7       100%        3
 Metabolic Englaciation   Hex/Ice        0%         N/A       100%        5
 Lehudib's Crystal Spear  Conj/Erth      0%         10d2      100%        8
 Animate Armour           Summ/Erth      Unusable   N/A       N/A         4
 Simulacrum               Ice/Necr       Unusable   N/A       N/A         6

Dungeon Overview and Level Annotations

Branches:
Dungeon (5/15)
 Temple: D:4-7

Altars:
Elyvilon
Hepliaklqana
Nemelex Xobeh
Okawaru

Shops:
D:2 (   D:5 (

Annotations:
D:8 Erica


Message History

The steam dragon claws you but does no damage.
Erica hits you but does no damage.
You barely miss Erica.
Erica is severely wounded.
You slash the steam dragon!
Erica gestures wildly while chanting.
Erica flickers and vanishes!
Deactivating autopickup; reactivate with Ctrl-A.
The steam dragon bites you but does no damage.
The steam dragon claws you but does no damage.
You closely miss something. You closely miss the steam dragon.
You closely miss something. You hit the steam dragon.
Something hits you but does no damage.
The steam dragon bites you but does no damage.
The steam dragon claws you but does no damage.
You miss something. You slash the steam dragon!
You kill the steam dragon!
Okawaru is honoured by your kill.
You feel like a meek peon again. Something hits you but does no damage.
Your Axes skill increases to level 9!
You have reached level 8!
You closely miss something. Something hits you! Something burns you.
You hit something but do no damage. Something hits you! Something burns you!
You hit something but do no damage. Something hits you! Something burns you.
You barely miss something. You block something's attack.
You slash something! Something hits you but does no damage.
You barely miss something. Something hits you!
* * * LOW HITPOINT WARNING * * *
Something burns you.
* * * LOW HITPOINT WARNING * * *
You feel better. Something hits you but does no damage.
You miss something. Something hits you!
* * * LOW HITPOINT WARNING * * *
Something burns you.
* * * LOW HITPOINT WARNING * * *
You closely miss something. Something hits you!
* * * LOW HITPOINT WARNING * * *
Something burns you.
You die...

......#...
##.....#.. .
........#.#
###.#.#.....#
..>.........
#.......#.#
#..{......)
##@## ##...##
#≈...≈#
#≈†..≈#
#≈...≈#
#≈...≈#
#≈._.≈#
##...## #####


There were no monsters in sight!

Vanquished Creatures
  A steam dragon (D:8)
  An ice beast (D:5)
  A necrophage (D:5)
  A scorpion (D:5)
  A howler monkey (D:5)
  A centaur skeleton (D:4)
  A hound (D:4)
  An orc priest (D:5)
  A gnoll shaman (D:3)
  An iguana (D:5)
  2 scorpion zombies (D:5)
  An orc wizard (D:4)
  A hound skeleton (D:4)
  Robin (D:2)
  8 adders
  3 gnolls (D:3)
  An adder zombie (D:5)
  3 worms
  3 dart slugs
  11 orcs
  A bat (D:1)
  7 endoplasms
  2 giant cockroaches (D:1)
  11 goblins
  8 hobgoblins
  4 jackals
  3 quokkas
  4 ball pythons
  4 frilled lizards
  6 kobolds
  6 rats
  A spectral hobgoblin (D:8)
101 creatures vanquished.

Vanquished Creatures (others)
  A fungus (D:1)
  6 plants
7 creatures vanquished.

Grand Total: 108 creatures vanquished

Notes
Turn   | Place    | Note
-------+----------+-------------------------------------------
     0 | D:1      | Kangaroobicon the Hill Orc Fighter began the quest for the
                  | Orb.
     0 | D:1      | Reached XP level 1. HP: 19/19 MP: 1/1
   215 | D:1      | Reached XP level 2. HP: 27/27 MP: 2/2
   405 | D:1      | Reached skill level 3 in Axes
   643 | D:1      | Found a faded altar of an unknown god.
   782 | D:2      | Reached XP level 3. HP: 33/33 MP: 3/3
  1033 | D:2      | Reached skill level 4 in Axes
  1050 | D:2      | Noticed Robin
  1054 | D:2      | Reached XP level 4. HP: 21/40 MP: 4/4
  1060 | D:2      | HP: 1/40 [hobgoblin[Robin] (4)]
  1061 | D:2      | Killed Robin
  1389 | D:2      | Found an iron altar of Okawaru.
  1398 | D:2      | Became a worshipper of Warmaster Okawaru
  1402 | D:2      | Found Xalu's Weapon Shop.
  1628 | D:3      | Found a sparkling altar of Nemelex Xobeh.
  1894 | D:3      | Identified the -4 buckler of Ziphewinna {rC- rN++ Will+
                  | Slay+2}
  1907 | D:3      | Found a white marble altar of Elyvilon.
  2084 | D:3      | Reached XP level 5. HP: 34/47 MP: 5/5
  2086 | D:3      | Reached skill level 5 in Axes
  2424 | D:4      | Reached skill level 6 in Axes
  2504 | D:4      | Reached XP level 6. HP: 51/53 MP: 6/6
  2684 | D:4      | Reached * piety under Okawaru
  3049 | D:5      | Entered Level 5 of the Dungeon
  3060 | D:5      | Found Dej Mice's Weapon Emporium.
  3084 | D:5      | Noticed an ice beast
  3101 | D:5      | Killed an ice beast
  3102 | D:5      | Reached skill level 7 in Axes
  3456 | D:5      | Reached XP level 7. HP: 60/60 MP: 7/7
  3569 | D:5      | Paralysed by an orc for 2 turns
  3584 | D:5      | Reached ** piety under Okawaru
  3585 | D:5      | Reached skill level 5 in Fighting
  3585 | D:5      | Reached skill level 8 in Axes
  3768 | D:5      | Reached skill level 5 in Armour
  4138 | D:5      | You fall into a shaft and drop 3 floors!
  4138 | D:8      | Found a hazy altar of Hepliaklqana.
  4142 | D:8      | Noticed Erica
  4142 | D:8      | Noticed a steam dragon
  4155 | D:8      | Killed a steam dragon
  4156 | D:8      | Reached skill level 9 in Axes
  4156 | D:8      | Reached XP level 8. HP: 69/69 MP: 6/8
  4164 | D:8      | HP: 2/69 [something (8)]
  4164 | D:8      | Slain by Erica

Illustrated notes

Levels and vault maps discovered:
D:1:      lemuel_arrival_behind_the_door_large, layout_loops_ring,
          shapermc_ecumenical_altar_mp_urbaneastern, bh_walls_and_bars
D:2:      layout_basic, serial_shops, nicolae_shop_behind_doors, basic_altar,
          uniq_robin
D:3:      layout_loops_ring, nicolae_overflow_hidden_temple,
          nicolae_elyvilon_temple_path
D:4:      layout_gridville, serial_rivers, chequers_serial_rivers_micro_c,
          chequers_serial_rivers_large_b, chequers_serial_rivers_marsh,
          chequers_serial_rivers_small_a, chequers_serial_rivers_small_b,
          chequers_serial_rivers_micro_b
D:5:      layout_gridville, serial_shops, nicolae_shop_statue_plus
D:8:      layout_basic, tso_metal_star, mainiacjoe_overflow_catch_the_wave,
          nicolae_hepliaklqana_monster_ancestors,
          chequers_serial_rivers_micro_b, uniq_erica

Skill      XL: |  1  2  3  4  5  6  7 |
---------------+----------------------+-----
Axes           | 3 4 6 7 9 |  9.3
Fighting       | 4 5 |  5.4
Armour         | 4 5 |  5.1
Shields        | 4 |  4.0
Dodging        | |  0.1
Stealth        | |  0.1

Action                   |  1- 3 |  4- 6 |  7- 9 || total
-------------------------+-------+-------+-------++-------
Melee: War axe           |    72 |   158 |    76 ||   306
Throw: Stone             |     5 |       |       ||     5
Invok: Heroism           |       |       |     1 ||     1
  Use: Potion            |     1 |     1 |     1 ||     3
       Scroll            |       |     4 |       ||     4
Armor: Scale mail        |     5 |       |       ||     5
       Plate armour      |    28 |    87 |    45 ||   160
Dodge: Dodged            |    19 |    40 |    26 ||    85
Block: Buckler           |    14 |    35 |    14 ||    63
